 Dungeon Crawl Stone Soup version 0.30-a0-723-gc1506a1cf0 (webtiles) character file.

Game seed: 8790904111820258854

121 junb69 the Insei (level 5, -5/36 HPs)
             Began as an Octopode Transmuter on Jan 28, 2023.
             Slain by an orc warrior
             ... wielding a +0 trident
              (11 damage)
             ... on level 4 of the Dungeon.
             The game lasted 00:09:31 (2870 turns).

junb69 the Insei (Octopode Transmuter)              Turns: 2870, Time: 00:09:32

Health: -5/36      AC:  1    Str:  9    XL:     5   Next: 5%
Magic:  4/8        EV: 19    Int: 24    God:
Gold:   138        SH:  0    Dex: 24    Spells: 1/8 levels left

rFire   + . .      SeeInvis +      - Unarmed
rCold   + . .      Faith    .    (no shield)
rNeg    . . .      Spirit   .    (helmet currently unavailable)
rPois   +          Reflect  .    (no amulet)
rElec   +          Harm     .    b - +6 ring of intelligence
rCorr   +          Rampage  .    h - +6 ring of dexterity
Will    .....                    j - +6 ring of dexterity
Stlth   +++                      k - ring of see invisible
HPRegen 0.26/turn                n - +5 ring of evasion
MPRegen 0.11/turn                (no ring)
                                 (no ring)
                                 (no ring)

@: appendages, resistant, attractive, flying, hasted, very quick
A: tentacle spike 3, almost no armour, amphibious, 8 rings, camouflage 1,
gelatinous body 1, (nimble swimmer 1), tentacles, beak, robust 1
a: End Transformation


You were on level 4 of the Dungeon.
One of your tentacles had grown a beastly spike.
You visited 1 branch of the dungeon, and saw 4 of its levels.

You collected 138 gold pieces.

Inventory:

Jewellery
 b - a +6 ring of intelligence (left tentacle)
 h - a +6 ring of dexterity (right tentacle)
 j - a +6 ring of dexterity (on tentacle)
 k - a ring of see invisible (on tentacle)
 n - a +5 ring of evasion (on tentacle)
 s - a ring of flight
 u - an amulet of the acrobat
Scrolls
 c - a scroll of blinking {unknown}
 d - 3 scrolls of identify
 i - a scroll of poison {unknown}
 o - a scroll of immolation {unknown}
 p - a scroll of summoning {unknown}
 q - 2 scrolls of vulnerability
 t - a scroll of fear {unknown}
Potions
 a - a potion of lignification
 e - 2 potions of haste


   Skills:
 - Level 1.0 Fighting
 - Level 2.0 Dodging
 - Level 4.1 Unarmed Combat
 - Level 2.0 Spellcasting
 * Level 3.6 Transmutations
 * Level 1.6 Ice Magic


You had one spell level left.
You knew the following spells:

 Your Spells              Type           Power      Damage    Failure   Level
a - Beastly Appendage     Tmut           38%        N/A       2%          1
b - Blink                 Tloc           4%         N/A       19%         2
c - Ice Form              Ice/Tmut       14%        N/A       38%         4

Your spell library contained the following spells:

 Spells                   Type           Power      Damage    Failure   Level
 Sting                    Tmut/Pois      44%        1d5       6%          1
 Wereblood                Tmut           19%        N/A       4%          2
 Spider Form              Tmut/Pois      11%        N/A       17%         3
 Lesser Beckoning         Tloc           4%         N/A       19%         2
 Momentum Strike          Conj/Tloc      4%         3d8       19%         2
 Kindle Blastsparks       Fire/Tloc/Air  4%         2d10      34%         3
 Airstrike                Air            1%         2d(1-17)  75%         4
 Irradiate                Conj/Tmut      5%         3d13      85%         5


Dungeon Overview and Level Annotations

Branches:
Dungeon (4/15)
 Temple: D:4-7

Altars:

Shops:
D:1 [

Annotations:
D:3 1 runed translucent door, exclusion: door, Crazy Yiuf
D:4 exclusion: water moccasin


Innate Abilities, Weirdness & Mutations

One of your tentacles has grown a beastly spike.
You cannot wear most types of armour.
You are amphibious.
You can wear up to eight rings at the same time.
Your skin changes colour to match your surroundings (Stealth+).
Your rubbery body absorbs attacks. (AC +1, EV +1)
((You are camouflaged when in or above water. (Stealth+)))
You have tentacles for arms and can constrict up to eight enemies at once.
You have a beak for a mouth.
You are robust. (+10% HP)


Message History

It was a potion of flight.
You feel very buoyant.
You fly up into the air.
You constrict the orc warrior, but do no damage.
The orc warrior misses you.
It was a potion of resistance.
You feel protected.
You constrict the orc warrior.
It was a potion of attraction.
You feel attractive to monsters.
You constrict the orc warrior. The orc warrior misses you.
The orc is attracted toward you.
It was a potion of mutation.
You feel extremely strange.
Your mouth lengthens and hardens into a beak!
You feel robust.
You constrict the orc warrior, but do no damage.
The orc shouts!
You tentacle-slap the orc warrior but do no damage.
You squeeze the orc warrior.
The orc warrior is severely wounded.
You constrict the orc warrior.
The orc warrior escapes!
You tentacle-slap the orc warrior but do no damage.
You grab the orc warrior.
You pierce the orc warrior.
You squeeze the orc warrior, but do no damage.
The orc warrior is severely wounded.
You constrict the orc warrior, but do no damage.
The orc warrior barely misses you. The orc priest misses you.
You tentacle-slap the orc warrior but do no damage.
You pierce the orc warrior.
You squeeze the orc warrior, but do no damage.
The orc warrior is almost dead.
You constrict the orc warrior. You tentacle-slap the orc warrior.
You peck the orc warrior, but do no damage.
The orc warrior is almost dead.
You constrict the orc warrior, but do no damage.
The orc priest hits you with a +0 whip.
* * * LOW HITPOINT WARNING * * *
The orc warrior hits you with a +0 trident!
You die...

#.....
..####..............#
......
..............)<.##
#.....
.o............###
#.....!
#.....#...#### ...
#o....#...# ..K
#..#....## ...
##).....###### ...
##o[......#..# ..
##@oo...#.....#
#.......#.....##
###.#..........#
#####.....#..#
##...##.## ###.# ##
###


You could see an orc warrior, an orc priest and an orc.

Vanquished Creatures
  4 gnolls (D:3)
  3 adders (D:3)
  A dart slug (D:1)
  2 orcs (D:4)
  6 endoplasms
  2 giant cockroaches (D:1)
  7 goblins
  3 hobgoblins
  3 quokkas
  4 ball pythons
  4 bats
  A frilled lizard (D:3)
  6 kobolds
  7 rats
53 creatures vanquished.

Notes
Turn   | Place    | Note
-------+----------+-------------------------------------------
     0 | D:1      | junb69 the Octopode Transmuter began the quest for the Orb.
     0 | D:1      | Reached XP level 1. HP: 13/13 MP: 3/3
   212 | D:1      | Reached XP level 2. HP: 13/18 MP: 5/5
   464 | D:1      | Found Xaodoli's Antique Armour Shop.
   721 | D:2      | Reached skill level 4 in Unarmed Combat
   807 | D:2      | Reached XP level 3. HP: 23/23 MP: 4/6
   842 | D:2      | Learned a level 2 spell: Blink
   907 | D:2      | Got Sif Muna's Reference Book on Inhalation and Flesh
  1588 | D:3      | Reached XP level 4. HP: 13/28 MP: 5/7
  1595 | D:3      | Learned a level 4 spell: Ice Form
  1822 | D:3      | Reached skill level 1 in Ice Magic
  1954 | D:3      | Found a runed translucent door.
  1955 | D:3      | Noticed Crazy Yiuf
  2530 | D:4      | Noticed a centaur
  2591 | D:4      | Noticed an ogre
  2678 | D:4      | Noticed a water moccasin
  2765 | D:4      | Reached XP level 5. HP: 31/33 MP: 6/8
  2839 | D:4      | Noticed an orc warrior
  2866 | D:4      | Gained mutation: You have a beak for a mouth. [potion of
                  | mutation]
  2866 | D:4      | Gained mutation: You are robust. (+10% HP) [potion of
                  | mutation]
  2870 | D:4      | Slain by an orc warrior

Illustrated notes

Levels and vault maps discovered:
D:1:      ebering_hopf_link, layout_loops_ring, serial_shops, shop
D:2:      layout_basic
D:3:      layout_basic, uniq_crazy_yiuf_cottage
D:4:      layout_cave_pools, uniq_duvessa, uniq_menkaure, uniq_pikel,
          uniq_eustachio

Skill      XL: |  1  2  3  4 |
---------------+-------------+-----
Unarmed Combat | 4 |  4.1
Transmutations | 3 |  3.6
Ice Magic      | 1 |  1.6
Fighting       | |  1.0
Dodging        | |  2.0
Spellcasting   | |  2.0

Action                     |  1- 3 |  4- 6 || total
---------------------------+-------+-------++-------
  Melee: Unarmed           |    57 |    57 ||   114
         Constrict         |    16 |    14 ||    30
         Kick              |    12 |    22 ||    34
         Tentacles         |    11 |    14 ||    25
         Punch             |     2 |     2 ||     4
         Peck              |       |     1 ||     1
   Cast: Beastly Appendage |    16 |    19 ||    35
    Use: Potion            |       |     9 ||     9
         Scroll            |       |     2 ||     2
   Stab: Sleeping          |     8 |     3 ||    11
         Distracted        |     1 |     1 ||     2
 Armour: Skin              |     1 |       ||     1
  Dodge: Dodged            |    30 |    37 ||    67

Table legend: (Time is in decaauts)
 A = Elapsed time spent in this place.
 B = Non-inter-level travel time spent in this place.
 C = Inter-level travel time spent in this place.
 D = Time resting spent in this place.
 E = Time spent auto-exploring this place.
 F = Levels seen in this place.
 G = Mean time per level.
                   A        B        C        D        E       F      G
               +--------+--------+--------+--------+--------+-----+--------+
         Total |   2852 |   2688 |    164 |    239 |   1773 |   4 |  713.0 |
       Dungeon |   2852 |   2688 |    164 |    239 |   1773 |   4 |  713.0 |
               +--------+--------+--------+--------+--------+-----+--------+

Top non-repeatable levels by time:
     D:3: 1318 daAuts
     D:1: 707 daAuts
     D:2: 613 daAuts
     D:4: 211 daAuts
